 Dungeon Crawl Stone Soup version 0.27.0-1-g7a089689b8 (webtiles) character file.

Game seed: 15611436087929458231

1286 kobby the Slasher (level 8, -4/61 HPs)
             Began as a Human Fighter on Aug 8, 2021.
             Was a Follower of Okawaru.
             Slain by a wyvern skeleton (10 damage)
             ... on level 7 of the Dungeon.
             The game lasted 00:17:17 (7081 turns).

kobby the Slasher (Human Fighter)                   Turns: 7081, Time: 00:17:18

Health: -4/61      AC: 14    Str: 18    XL:     8   Next: 85%
Magic:  8/8        EV: 10    Int:  8    God:    Okawaru [*.....]
Gold:   276        SH: 10    Dex: 16    Spells: 7/7 levels left

rFire    + . .     SeeInvis .   a - +0 long sword
rCold    + . .     Faith    .   c - +0 kite shield
rNeg     . . .     Spirit   .   b - +0 scale mail
rPois    .         Reflect  .   h - +1 helmet
rElec    +         Harm     .   (no cloak)
rCorr    .         Rampage  .   p - +0 pair of gloves
Will     .....                  (no boots)
Stlth    +.........             k - amulet "Cicocam" {Acrobat rElec rF+ rC+}
HPRegen  0.20/turn              l - +4 ring of protection
MPRegen  0.11/turn              (no ring)

@: no status effects
A: strong 1, sturdy frame 1
a: Renounce Religion, Heroism


You were on level 7 of the Dungeon.
You worshipped Okawaru.
Okawaru was aware of your devotion.
You visited 2 branches of the dungeon, and saw 8 of its levels.

You collected 276 gold pieces.

Inventory:

Hand Weapons
 a - a +0 long sword (weapon)
Armour
 b - a +0 scale mail (worn)
 c - a +0 kite shield (worn)
 h - a +1 helmet (worn)
 p - a +0 pair of gloves (worn)
Jewellery
 g - an amulet of faith
 k - the amulet "Cicocam" (around neck) {Acrobat rElec rF+ rC+}
   (You acquired it on level 4 of the Dungeon)

   [amulet of the acrobat]

   It increases your evasion while moving and waiting.
   rF:        It protects you from fire.
   rC:        It protects you from cold.
   rElec:     It insulates you from electricity.
 l - a +4 ring of protection (left hand)
 m - an amulet of regeneration
 o - a ring of wizardry
 q - a ring of magical power
Wands
 d - a wand of iceblast (4)
 s - a wand of flame (7)
Scrolls
 f - 6 scrolls of identify
 i - a scroll of torment
 j - a scroll of fear
Potions
 e - a potion of brilliance
 n - a potion of resistance


   Skills:
 + Level 4.9 Fighting
 + Level 6.2 Long Blades
 + Level 5.3 Armour
 + Level 3.8 Dodging
 + Level 0.9 Stealth
 + Level 4.6 Shields


You had 7 spell levels left.
You didn't know any spells.
Your spell library contained the following spells:

 Spells                   Type           Power      Damage    Failure   Level
 Tukima's Dance           Hex            0%         N/A       100%        3
 Animate Dead             Necr           0%         N/A       100%        4
 Passage of Golubria      Tloc           N/A        N/A       100%        4
 Yara's Violent Unravell  Hex/Tmut       0%         3d3       100%        5
 Haunt                    Necr/Summ      0%         N/A       100%        7
 Infestation              Necr           0%         N/A       100%        8


Dungeon Overview and Level Annotations

Branches:
Dungeon (7/15)             Temple (1/1) D:4

Altars:
Ashenzari
Cheibriados
Dithmenos
Elyvilon
Fedhas
Gozag
Hepliaklqana
Kikubaaqudgha
Makhleb
Nemelex Xobeh
Okawaru
Qazlal
Ru
Sif Muna
Trog
Uskayaw
Vehumet
Wu Jian
Xom
Yredelemnul
Zin
The Shining One

Shops:
D:1 !


Innate Abilities, Weirdness & Mutations

Your muscles are strong. (Str +2)
Your movements are slightly less encumbered by armour. (ER -2)


Message History

The wyvern skeleton bites you. The orc misses you.
The orc wizard points at you and mumbles some strange words.
The puff of flame hits you but does no damage.
The wyvern skeleton bites you but does no damage.
You block the orc's attack. You block the orc wizard's attack.
You barely miss the orc wizard.
The orc wizard is heavily wounded.
The wyvern skeleton barely misses you.
You riposte.
You slash the wyvern skeleton!
The wyvern skeleton is moderately damaged.
The orc hits you with a +0 dagger. The orc wizard barely misses you.
You riposte.
You slash the orc wizard!
The orc wizard is almost dead.
The wyvern skeleton barely misses you.
You hit the orc wizard but do no damage.
The orc wizard is almost dead.
The orc hits you with a +0 dagger. The wyvern skeleton bites you!
The orc wizard barely misses you.
You slash the orc wizard!
You kill the orc wizard!
Okawaru accepts your kill. The wyvern skeleton bites you!
* * * LOW HITPOINT WARNING * * *
The orc barely misses you.
You riposte.
You barely miss the orc. You block the wyvern skeleton's attack.
You block the orc's attack. The wyvern skeleton bites you.
* * * LOW HITPOINT WARNING * * *
The orc misses you.
Things that are here:
a +0 dagger; a +0 robe
Okay, then.
You slash the wyvern skeleton!
The wyvern skeleton is severely damaged.
You block the wyvern skeleton's attack. The wyvern skeleton closely misses you.
The orc barely misses you.
You barely miss the wyvern skeleton.
The wyvern skeleton is severely damaged.
The wyvern skeleton completely misses you.
You block the orc's attack. The wyvern skeleton bites you!
You die...

#.### #.....# #.#..
#.....# #.#.#
#.....# #.#.#
#.....# #.#.#
#.....# #.#.#
#.....# #.#.###.#
..#....o###.......#
.......@......#####
####...Z)######
#.....# #######


You could see an orc and a wyvern skeleton.

Vanquished Creatures
  3 sky beasts (D:6)
  An ogre (D:6)
  A phantom (D:6)
  A bullfrog (D:6)
  2 scorpions
  A water moccasin skeleton (D:4)
  A wight (D:7)
  A howler monkey (D:5)
  2 bullfrog zombies
  A centaur zombie (D:7)
  A gnoll shaman (D:5)
  2 bullfrog skeletons
  2 iguanas
  Terence (D:3)
  2 orc wizards (D:7)
  A hound skeleton (D:5)
  Robin (D:3)
  5 gnolls (D:5)
  5 adders
  An ufetubus (D:6)
  An adder skeleton (D:3)
  3 worms (D:3)
  2 dart slugs
  10 orcs
  5 endoplasms
  2 giant cockroaches
  12 hobgoblins
  4 jackals (D:2)
  8 kobolds
  4 quokkas
  6 ball pythons
  8 bats
  4 frilled lizards
  15 goblins
  5 rats
124 creatures vanquished.

Notes
Turn   | Place    | Note
-------+----------+-------------------------------------------
     0 | D:1      | kobby the Human Fighter began the quest for the Orb.
     0 | D:1      | Reached XP level 1. HP: 18/18 MP: 1/1
   171 | D:1      | Reached XP level 2. HP: 14/24 MP: 2/2
   665 | D:1      | Reached XP level 3. HP: 29/29 MP: 3/3
   667 | D:1      | Found Ytio's Distillery.
   781 | D:1      | Found a faded altar of an unknown god.
  1763 | D:2      | Found a shimmering altar of Xom.
  2016 | D:2      | Reached XP level 4. HP: 35/35 MP: 4/4
  2439 | D:3      | Noticed Terence
  2447 | D:3      | Killed Terence
  2448 | D:3      | Reached skill level 1 in Dodging
  2588 | D:3      | Noticed Robin
  2590 | D:3      | Reached XP level 5. HP: 39/41 MP: 5/5
  2623 | D:3      | Reached skill level 3 in Long Blades
  2625 | D:3      | HP: 1/40 [Robin (3)]
  2627 | D:3      | Gained mutation: Your movements are slightly less
                  | encumbered by armour. (ER -2) [potion of mutation]
  2627 | D:3      | Gained mutation: Your muscles are strong. (Str +2) [potion
                  | of mutation]
  2636 | D:3      | Killed Robin
  3166 | D:3      | Reached XP level 6. HP: 20/48 MP: 6/6
  4032 | D:4      | Found a staircase to the Ecumenical Temple.
  4053 | Temple   | Entered the Ecumenical Temple
  4362 | Temple   | Became a worshipper of Warmaster Okawaru
  4565 | D:4      | Identified a scroll of acquirement
  4565 | D:4      | Acquired the amulet "Cicocam" {Acrobat rElec rF+ rC+}
  4610 | D:4      | Reached skill level 4 in Long Blades
  4727 | D:4      | Noticed an ogre
  4749 | D:5      | Entered Level 5 of the Dungeon
  4932 | D:5      | Reached XP level 7. HP: 52/54 MP: 7/7
  5019 | D:5      | You fall into a shaft and drop 1 floor!
  5188 | D:6      | Reached * piety under Okawaru
  5189 | D:6      | Reached skill level 5 in Long Blades
  5353 | D:6      | Reached XP level 8. HP: 54/61 MP: 8/8
  5908 | D:6      | Found a shimmering altar of Xom.
  5908 | D:6      | Found a shimmering altar of Xom.
  5918 | D:6      | Found a shimmering altar of Xom.
  5937 | D:6      | Reached skill level 5 in Armour
  6999 | D:7      | Reached skill level 6 in Long Blades
  7081 | D:7      | Slain by a wyvern skeleton

Illustrated notes

Levels and vault maps discovered:
D:1:      dpeg_arrival_shelter, layout_basic,
          shapermc_ecumenical_altar_acropolis, serial_shops,
          nicolae_shop_window_shopping
D:2:      layout_loops_ring, basic_altar, kennysheep_pointless_box,
          grunt_decor_cap, minmay_pentomino_pile
D:3:      layout_basic, uniq_robin, uniq_terence
D:4:      layout_cave_pools, minmay_temple_entry_water_ring, uniq_blork_the_orc
D:5:      layout_basic
D:6:      layout_gridville, xom_redecorated
D:7:      layout_basic
Temple:   nicolae_temple_the_god_donut

Skill      XL: |  1  2  3  4  5  6  7  8 |
---------------+-------------------------+-----
Dodging        | 1 2 3 |  3.8
Long Blades    | 3 4 5 6 |  6.2
Fighting       | 4 |  4.9
Armour         | 4 5 |  5.3
Shields        | 4 |  4.6
Stealth        | |  0.9

Action                   |  1- 3 |  4- 6 |  7- 9 || total
-------------------------+-------+-------+-------++-------
Melee: Long sword        |   100 |   200 |   218 ||   518
Invok: Heroism           |       |       |     2 ||     2
Evoke: Wand              |       |       |     2 ||     2
  Use: Potion            |       |     5 |     1 ||     6
       Scroll            |       |     7 |     2 ||     9
Armor: Scale mail        |    50 |    94 |   159 ||   303
       Skin              |       |     9 |       ||     9
Dodge: Dodged            |    34 |    75 |   114 ||   223
Block: Kite shield       |    54 |   102 |   135 ||   291
       Rpst.: Long sword |    15 |    21 |    37 ||    73
